 Dungeon Crawl Stone Soup version 0.30-a0-830-gfe289a77b0 (webtiles) character file.

Game seed: 18240549058523785506

311 cforsyth the Sneak (level 6, -5/38 HPs)
             Began as a Kobold Brigand on Mar 1, 2023.
             Slain by an ogre
             ... wielding a +0 giant spiked club
              (9 damage)
             ... on level 4 of the Dungeon.
             The game lasted 00:03:03 (2472 turns).

cforsyth the Sneak (Kobold Brigand)                 Turns: 2472, Time: 00:03:04

Health: -5/38      AC:  3    Str:  8    XL:     6   Next: 70%
Magic:  6/6        EV: 16    Int: 12    God:
Gold:   159        SH:  0    Dex: 19    Spells: 5/5 levels left

rFire   . . .      SeeInvis .    a - +2 dagger
rCold   . . .      Faith    .    (no shield)
rNeg    . . .      Spirit   .    b - +0 robe
rPois   .          Reflect  .    (no helmet)
rElec   .          Harm     .    c - +0 cloak
rCorr   .          Rampage  .    (no gloves)
Will    .....                    (no boots)
Stlth   +++++                    (no amulet)
HPRegen 0.26/turn                (no ring)
MPRegen 0.10/turn                (no ring)

@: no status effects
A: small, no large weapons, nightstalker 3
a: no special abilities


You were on level 4 of the Dungeon.
You visited 1 branch of the dungeon, and saw 4 of its levels.

You collected 159 gold pieces.

Inventory:

Hand Weapons
 a - a +2 dagger (weapon)
Missiles
 d - 12 poisoned darts (quivered)
 e - 3 curare-tipped darts
Armour
 b - a +0 robe (worn)
 c - a +0 cloak (worn)
Jewellery
 p - a ring of willpower
 q - a ring of positive energy
Wands
 r - a wand of flame (12)
Scrolls
 g - 5 scrolls of identify {unknown}
 i - 2 scrolls of fog {unknown}
 l - 2 scrolls of teleportation {unknown}
 n - a scroll of blinking {unknown}
 s - 2 scrolls of noise {unknown}
Potions
 f - 4 potions of heal wounds {unknown}
 h - 2 potions of degeneration {unknown}
 j - a potion of resistance {unknown}
 k - a potion of flight {unknown}
 m - 2 potions of curing {unknown}
 o - a potion of cancellation {unknown}


   Skills:
 + Level 4.0 Fighting
 + Level 4.8 Short Blades
 - Level 2.1 Throwing
 + Level 3.8 Dodging
 + Level 6.9 Stealth


You had 5 spell levels left.
You didn't know any spells.
Your spell library contained the following spells:

 Spells                   Type           Power      Damage    Failure   Level
 Blink                    Tloc           0%         N/A       45%         2
 Lesser Beckoning         Tloc           0%         N/A       45%         2
 Sublimation of Blood     Necr           0%         N/A       45%         2
 Gell's Gravitas          Tloc           0%         N/A       69%         3
 Portal Projectile        Hex/Tloc       0%         N/A       69%         3
 Teleport Other           Tloc           0%         N/A       69%         3
 Tukima's Dance           Hex            0%         N/A       69%         3
 Manifold Assault         Tloc           0%         N/A       97%         4
 Petrify                  Tmut/Erth      0%         N/A       97%         4
 Blade Hands              Tmut           0%         N/A       100%        5
 Irradiate                Conj/Tmut      0%         3d11      100%        5
 Storm Form               Tmut/Air       0%         N/A       100%        7


Dungeon Overview and Level Annotations

Branches:
Dungeon (4/15)
 Temple: D:4-7

Altars:
Elyvilon

Shops:
D:2 ?


Innate Abilities, Weirdness & Mutations

You are small and have problems with some larger weapons.
You are completely attuned to the shadows.


Message History

No target in view!
No target in view!
No target in view!
No target in view!
No target in view!
s - 2 scrolls labelled MYVAGI RIG DOI (gained 1)
You now have 159 gold pieces (gained 9).
Found a spear.
An ogre comes into view. It is wielding a +0 giant spiked club.
Found a stone staircase leading down.
Found a rapier.
No target in view!
No target in view!
No target in view!
No target in view!
No target in view!
No target in view!
No target in view!
No target in view!
No target in view!
An ogre is nearby!
The ogre shouts!
You completely miss the ogre.
The ogre hits you with a +0 giant spiked club!!
Ouch! That really hurt!
* * * LOW HITPOINT WARNING * * *
You are too injured to fight recklessly!
You are too injured to fight recklessly!
You are too injured to fight recklessly!
You are too injured to fight recklessly!
You are too injured to fight recklessly!
You are too injured to fight recklessly!
You are too injured to fight recklessly!
You are too injured to fight recklessly!
You hit the ogre.
The ogre is lightly wounded.
You barely miss the ogre.
The ogre is lightly wounded.
The ogre hits you with a +0 giant spiked club!
You die...

#####
#..)#
#.#.#
#>..#
#...#
#.#@#
#.#O.#
#.##.# #.#
.. #.###..
#..##
#...######
#.#......#
#.######)#


You could see an ogre.

Vanquished Creatures
  Pargi (D:3)
  An iguana (D:4)
  Ijyb (D:4)
  9 adders
  4 worms
  2 dart slugs
  An orc (D:3)
  2 bats (D:2)
  11 endoplasms
  3 giant cockroaches
  2 goblins
  7 hobgoblins
  3 jackals (D:4)
  2 kobolds
  2 quokkas
  8 ball pythons
  10 rats
69 creatures vanquished.

Vanquished Creatures (others)
  3 plants (D:2)
3 creatures vanquished.

Grand Total: 72 creatures vanquished

Notes
Turn   | Place    | Note
-------+----------+-------------------------------------------
     0 | D:1      | cforsyth the Kobold Brigand began the quest for the Orb.
     0 | D:1      | Reached XP level 1. HP: 12/12 MP: 1/1
    93 | D:1      | Reached XP level 2. HP: 10/18 MP: 2/2
   486 | D:1      | Found a faded altar of an unknown god.
   702 | D:2      | Found Iffawn's Magic Scroll Boutique.
   726 | D:2      | Reached XP level 3. HP: 22/22 MP: 3/3
  1094 | D:2      | Reached XP level 4. HP: 27/27 MP: 4/4
  1141 | D:2      | Reached skill level 6 in Stealth
  1539 | D:3      | Reached XP level 5. HP: 32/32 MP: 5/5
  1801 | D:3      | Noticed Pargi
  1805 | D:3      | Killed Pargi
  1806 | D:3      | Reached XP level 6. HP: 38/38 MP: 6/6
  1986 | D:3      | Found a white marble altar of Elyvilon.
  2067 | D:3      | You fall into a shaft and drop 1 floor!
  2309 | D:4      | Noticed Ijyb
  2313 | D:4      | Killed Ijyb
  2463 | D:4      | Noticed an ogre
  2472 | D:4      | Slain by an ogre

Illustrated notes

Levels and vault maps discovered:
D:1:      tekkud_arrival_beachfront_property, layout_rooms,
          ebering_ecumenical_altar_hall
D:2:      layout_rooms, serial_forest, infiniplex_forest_lined_room_3,
          infiniplex_forest_clump_small, infiniplex_forest_clump_medium,
          infiniplex_forest_lined_room_2, infiniplex_forest_end_1,
          infiniplex_forest_clump_double, infiniplex_forest_lined_2,
          serial_shops, shop
D:3:      layout_basic, mainiacjoe_overflow_alcove_1, uniq_pargi
D:4:      layout_basic, kiku_gazebo_pond_becter, chequers_decorated_corner,
          uniq_ijyb

Skill      XL: |  1  2  3  4  5  6 |
---------------+-------------------+-----
Short Blades   | 3 4 |  4.8
Dodging        | 2 3 |  3.8
Fighting       | 3 4 |  4.0
Stealth        | 6 |  6.9
Throwing       | |  2.1

Action                     |  1- 3 |  4- 6 || total
---------------------------+-------+-------++-------
  Melee: Dagger            |    72 |   111 ||   183
         Punch             |     1 |     1 ||     2
   Stab: Sleeping          |    21 |    19 ||    40
         Distracted        |       |     1 ||     1
 Armour: Robe              |     7 |     7 ||    14
  Dodge: Dodged            |    43 |    42 ||    85

Table legend: (Time is in decaauts)
 A = Elapsed time spent in this place.
 B = Non-inter-level travel time spent in this place.
 C = Inter-level travel time spent in this place.
 D = Time resting spent in this place.
 E = Time spent auto-exploring this place.
 F = Levels seen in this place.
 G = Mean time per level.
                   A        B        C        D        E       F      G
               +--------+--------+--------+--------+--------+-----+--------+
         Total |   2441 |   2386 |     55 |      0 |   1967 |   4 |  610.2 |
       Dungeon |   2441 |   2386 |     55 |      0 |   1967 |   4 |  610.2 |
               +--------+--------+--------+--------+--------+-----+--------+

Top non-repeatable levels by time:
     D:2: 744 daAuts
     D:1: 697 daAuts
     D:3: 602 daAuts
     D:4: 397 daAuts
